 Dungeon Crawl Stone Soup version 0.25-a0-294-gea9b1ad (webtiles) character file.

Game seed: 17609870125759532550, levelgen mode: deterministic

140 MrTaco21 the Cutter (level 5, -1/45 HPs)
             Began as a Minotaur Fighter on Dec 17, 2019.
             Succumbed to kobold's curare-tipped dart
             ... on level 3 of the Dungeon.
             The game lasted 00:05:04 (1232 turns).

MrTaco21 the Cutter (Minotaur Fighter)              Turns: 1232, Time: 00:05:05

Health: -1/45      AC:  6    Str: 22    XL:     5   Next: 2%
Magic:  4/4        EV:  7    Int:  5    God:
Gold:   135        SH:  9    Dex:  9    Spells: 4/4 levels left

rFire    . . .     SeeInvis .   i - +2 short sword (elec)
rCold    . . .     Gourm    .   c - +0 shield
rNeg     . . .     Faith    .   b - +0 scale mail
rPois    .         Spirit   .   (helmet restricted)
rElec    .         Reflect  .   (no cloak)
rCorr    .         Harm     .   (no gloves)
MR       +....                  (no boots)
Stlth    ..........             (no amulet)
HPRegen  0.15/turn              l - ring of protection from magic (curse)
MPRegen  0.09/turn              (no ring)

@: lethally poisoned (-1 -> -33), slowed, very slow
A: retaliatory headbutt, horns 2
a: no special abilities


You were on level 3 of the Dungeon.
You were not hungry.

You visited 1 branch of the dungeon, and saw 3 of its levels.

You collected 135 gold pieces.

Inventory:

Hand Weapons
 a - a +0 flail
 i - a +2 short sword of electrocution (weapon)
   (You took it off a kobold on level 1 of the Dungeon)
Armour
 b - a +0 scale mail (worn)
 c - a +0 shield (worn)
Jewellery
 l - a cursed ring of protection from magic (left hand)
   (You found it on level 1 of the Dungeon)
Scrolls
 h - 3 scrolls of enchant weapon {unknown}
 j - a scroll of teleportation {unknown}
 k - a scroll of noise {unknown}
 m - a scroll of blinking {unknown}
 n - a scroll of remove curse {unknown}
 s - 2 scrolls of random uselessness {unknown}
 t - a scroll of identify {unknown}
 u - a scroll of fear {unknown}
Potions
 d - a potion of might
 f - a potion of heal wounds {unknown}
 o - 4 potions of agility {unknown}
 p - a potion of berserk rage {unknown}
 q - a potion of degeneration {unknown}
 r - 5 potions of curing {unknown}
 v - 2 potions of lignification {unknown}
Comestibles
 e - 4 rations {!d}
 g - 6 chunks of flesh


   Skills:
 - Level 3.6 Fighting
 + Level 4.7 Short Blades
 - Level 3.3 Maces & Flails
 - Level 3.6 Armour
 - Level 3.6 Shields


You had 4 spell levels left.
You didn't know any spells.
Your spell library was empty.

Dungeon Overview and Level Annotations

Branches:
Dungeon (3/15)

Altars:


Innate Abilities, Weirdness & Mutations

You reflexively headbutt those who attack you in melee.
You have a pair of horns on your head.


Message History

The adder bites you but does no damage. x2
You hit the adder. Lightning courses through the adder!
You kill the adder!
You have reached level 5!
A kobold comes into view.
It is wielding a -3 club and quivering 8 curare-tipped darts.
The kobold shouts!
The kobold throws a curare-tipped dart.
You block the curare-tipped dart.
You see here an adder corpse.
A kobold is nearby!
A kobold is nearby!
The kobold throws a curare-tipped dart.
The curare-tipped dart hits you.
You are poisoned.
You have difficulty breathing.
You feel yourself slow down.
You see here a curare-tipped dart {!f}.
You feel sick.
The kobold throws a curare-tipped dart.
The curare-tipped dart closely misses you.
The kobold throws a curare-tipped dart.
The curare-tipped dart hits you.
You are more poisoned.
You have difficulty breathing.
You feel as though you will be slow longer.
Found a ration.
You feel sick.
The kobold throws a curare-tipped dart.
The curare-tipped dart hits you.
You are more poisoned.
You have difficulty breathing.
You feel as though you will be slow longer.
You feel very sick.
The kobold throws a curare-tipped dart.
The curare-tipped dart hits you.
You are more poisoned.
You have difficulty breathing.
* * * LOW HITPOINT WARNING * * *
You feel as though you will be slow longer.
The kobold throws a curare-tipped dart.
You block the curare-tipped dart.
You see here 2 curare-tipped darts {!f}.
Unknown command.
Unknown command.
* * * LOW HITPOINT WARNING * * *
You feel very sick.
You closely miss the kobold. Your headbutt misses the kobold.
* * * LOW HITPOINT WARNING * * *
You feel very sick. The kobold hits you but does no damage.
Some of the chunks of flesh in your inventory have rotted away.
You hit the kobold.
* * * LOW HITPOINT WARNING * * *
You feel very sick. You block the kobold's attack.
The kobold hits you but does no damage.
You closely miss the kobold.
You die...

#..?....# #.......#
#.......# .. #.....>.#
... #......<# ....
##.......#
....##...(...<########
.........#(..(........
..........#....@K......
..........#............
.......#...........%...
.......#.....##########
.......#.....#
.............#
.............#
.............#
.#######.....#


You could see a kobold.

Vanquished Creatures
  A howler monkey (D:3)
  3 adders
  An ooze (D:2)
  5 worms (D:2)
  A dart slug (D:1)
  3 leopard geckos
  2 giant cockroaches
  10 goblins
  5 hobgoblins
  4 jackals (D:1)
  4 kobolds
  2 quokkas (D:2)
  A ball python (D:2)
  4 bats (D:1)
  2 frilled lizards
  10 rats
58 creatures vanquished.

Notes
Turn   | Place    | Note
-------+----------+-------------------------------------------
     0 | D:1      | MrTaco21 the Minotaur Fighter began the quest for the Orb.
     0 | D:1      | Reached XP level 1. HP: 19/19 MP: 0/0
    69 | D:1      | Reached XP level 2. HP: 23/26 MP: 1/1
    81 | D:1      | Reached skill level 1 in Short Blades
   279 | D:1      | Reached skill level 2 in Short Blades
   369 | D:1      | Reached XP level 3. HP: 31/31 MP: 2/2
   767 | D:2      | Reached skill level 3 in Short Blades
  1008 | D:2      | Reached XP level 4. HP: 36/39 MP: 3/3
  1179 | D:3      | Reached skill level 4 in Short Blades
  1223 | D:3      | Reached XP level 5. HP: 45/45 MP: 4/4
  1232 | D:3      | Succumbed to kobold's curare-tipped dart

Levels and vault maps discovered:
D:1:      eino_arrival_druids_welcome, layout_basic
D:2:      layout_loops_cross, kennysheep_nub
D:3:      minmay_roachtagon, layout_basic, bloody_makhleb

Skill      XL: |  1  2  3  4 |
---------------+-------------+-----
Maces & Flails | 3 |  3.3
Short Blades   | 2 3 4 |  4.7
Fighting       | |  3.6
Armour         | |  3.6
Shields        | |  3.6

Action                   |  1- 3 |  4- 6 || total
-------------------------+-------+-------++-------
Melee: Flail             |    12 |       ||    12
       Headbutt          |    11 |     2 ||    13
       Short sword       |    70 |    30 ||   100
  Eat: Chunk             |       |     1 ||     1
Armor: Scale mail        |    29 |     7 ||    36
Dodge: Dodged            |    23 |    10 ||    33
Block: Shield            |    38 |    16 ||    54

Table legend:
 A = Non-vault XP
 B = Vault XP
 C = Vault XP percentage of total XP
 D = Non-vault monster count
 E = Vault monster count
 F = Vault count percentage of total count
                 A         B        C        D         E       F
            +---------+---------+-------+---------+---------+-------
      Total |     201 |       0 |   0.0 |      58 |       0 |   0.0
            +---------+---------+-------+---------+---------+-------
        D:1 |      48 |       0 |   0.0 |      27 |       0 |   0.0
        D:2 |      76 |       0 |   0.0 |      26 |       0 |   0.0
        D:3 |      77 |       0 |   0.0 |       5 |       0 |   0.0
            +---------+---------+-------+---------+---------+-------
